 Dungeon Crawl Stone Soup version 0.27-a0-96-gb51a1d6fd6 (webtiles) character file.

Game seed: 17037373130725841532

7440 kae the Grappler (level 10, -3/100 HPs)
             Began as a Troll Fighter on Jan 19, 2021.
             Was a Follower of Ru.
             Slain by a killer bee (8 damage)
             ... on level 9 of the Dungeon.
             The game lasted 00:06:26 (8063 turns).

kae the Grappler (Troll Fighter)                    Turns: 8063, Time: 00:06:26

Health: -3/100     AC:  7    Str: 29    XL:     10   Next: 93%
Magic:  15/15      EV: 12    Int:  4    God:    Ru [*.....]
Gold:   747        SH:  0    Dex:  9    Spells: 18/18 levels left

rFire    . . .     SeeInvis +     - Unarmed
rCold    + . .     Faith    .   (no shield)
rNeg     . . .     Spirit   .   a - +0 robe
rPois    .         Reflect  .   (helmet restricted)
rElec    .         Harm     .   A - +0 cloak
rCorr    .         Rampage  .   (gloves unavailable)
Will     .....                  (boots unavailable)
Stlth    +.........             q - amulet of regeneration
HPRegen  1.06/turn              o - ring of protection from cold
MPRegen  0.14/turn              z - ring of see invisible

@: lethally poisoned (-3 -> -3)
A: large, unfitting armour, claws 3, regeneration 1, shaggy fur 1, tough skin 3,
inability to train armour
a: Renounce Religion


You were on level 9 of the Dungeon.
You worshipped Ru.
Ru was aware of your devotion.
You visited 1 branch of the dungeon, and saw 10 of its levels.

You collected 747 gold pieces.

Inventory:

Armour
 a - a +0 robe (worn)
 b - a +0 kite shield
 A - a +0 cloak (worn)
Jewellery
 i - an uncursed ring of fire
 o - a ring of protection from cold (left claw)
 q - an amulet of regeneration (around neck)
 t - an uncursed ring of resist corrosion
 z - a ring of see invisible (right claw)
 D - an uncursed amulet of faith
Wands
 p - a wand of enslavement (15)
 w - a wand of acid (5)
 y - a wand of random effects (6)
 E - a wand of flame (36)
 F - a wand of disintegration (11)
Scrolls
 d - 10 scrolls of teleportation
 e - a scroll of blinking
 k - 3 scrolls of fog
 n - 8 scrolls of remove curse
 C - a scroll of enchant weapon
 G - a scroll of magic mapping
Potions
 c - a potion of might
 f - a potion of magic
 g - a potion of degeneration
 h - a potion of heal wounds
 j - 5 potions of lignification
 l - 2 potions of attraction
 m - 3 potions of curing
 r - a potion of invisibility
 s - 5 potions of brilliance
 u - a potion of haste {unknown}
 v - a potion of cancellation {unknown}
 x - 2 potions of flight {unknown}
 B - a potion of mutation


   Skills:
 + Level 6.8 Fighting
 + Level 6.8 Dodging
 - Level 2.4 Shields
 * Level 10.8 Unarmed Combat
 + Level 4.6 Spellcasting


You had 18 spell levels left.
You didn't know any spells.
Your spell library contained the following spells:

 Spells                   Type           Power        Failure   Level
 Animate Skeleton         Necr           0%           36%         1
 Apportation              Tloc           0%           36%         1
 Corona                   Hex            0%           36%         1
 Summon Small Mammal      Summ           0%           36%         1
 Call Imp                 Summ           0%           50%         2
 Ensorcelled Hibernation  Hex/Ice        0%           50%         2
 Slow                     Hex            0%           50%         2
 Call Canine Familiar     Summ           0%           73%         3
 Dazzling Flash           Conj/Hex       0%           73%         3
 Inner Flame              Hex/Fire       0%           73%         3
 Portal Projectile        Hex/Tloc       0%           73%         3
 Summon Guardian Golem    Hex/Summ       0%           73%         3
 Tukima's Dance           Hex            0%           73%         3
 Cause Fear               Hex            0%           98%         4
 Iskenderun's Mystic Bla  Conj/Tloc      0%           98%         4
 Leda's Liquefaction      Hex/Erth       0%           98%         4
 Summon Ice Beast         Ice/Summ       0%           98%         4
 Summon Lightning Spire   Summ/Air       0%           98%         4
 Silence                  Hex/Air        0%           100%        5


Dungeon Overview and Level Annotations

Branches:
Dungeon (10/15)            Temple (0/1) D:6            Lair (0/6) D:8
    Orc: D:9-12

Altars:
Dithmenos
Fedhas
Ru
Vehumet
Xom
Beogh

Shops:
D:7 (


Innate Abilities, Weirdness & Mutations

You are too large for most types of armour.
You have claws for hands.
Your natural rate of healing is unusually fast.
You are covered in fur. (AC +1)
You have extremely tough skin. (AC +3)
You cannot train Armour skill.


Message History

The killer bee is heavily wounded.
The killer bee stings you.
* * * LOW HITPOINT WARNING * * *
The killer bee stings you.
* * * LOW HITPOINT WARNING * * *
The killer bee misses you.
You claw the killer bee!
The killer bee is almost dead.
The killer bee stings you but does no damage.
The killer bee stings you.
* * * LOW HITPOINT WARNING * * *
The killer bee stings you!
* * * LOW HITPOINT WARNING * * *
You are more poisoned.
The killer bee poisons you! The killer bee stings you.
* * * LOW HITPOINT WARNING * * *
You barely miss the killer bee.
The killer bee is almost dead.
You feel sick. The killer bee stings you!
You die...

#..# ######+####
#..# #.##
#.........# ##.#
##†##### #.........#
#.#
.....#(###.........#
#.#
.###.#.#.+.........#
#.#
.......'.#.........#
#.#
######.###...(.....#
#.# ...#...#
#.........# #.#
.#.#.### #.<....@..#
#.# .#.....#
#....[yy..# #.#
#####'## #.........#
#.# ###..#
#..(......# #.#
#...## ##.########
#.# ##+###
#......##### #.#
#....# #..........#
#.# #....#
#..........# #.#
#....# #..........#
#.#


You could see 2 killer bees.

Vanquished Creatures
  A two-headed ogre (D:5)
  Pikel (D:6)
  3 yaks (D:7)
  Menkaure (D:6)
  6 orc warriors
  4 ice beasts
  3 sky beasts
  A necrophage (D:8)
  A phantom (D:4)
  A black bear (D:8)
  3 ogres
  2 centaurs
  3 lemures
  4 bullfrogs
  A wyvern zombie (D:9)
  8 scorpions
  A wyvern skeleton (D:9)
  15 killer bees
  9 wights
  2 howler monkeys
  2 centaur zombies (D:10)
  A quasit (D:10)
  6 hounds
  3 jellies
  6 orc priests
  2 bullfrog skeletons
  11 orc wizards
  2 centaur skeletons
  4 iguanas
  10 worker ants
  A howler monkey zombie (D:9)
  Robin (D:2)
  A worker ant zombie (D:9)
  7 gnolls
  8 adders
  5 shadow imps
  4 white imps
  An ufetubus (D:10)
  2 oozes
  3 adder skeletons (D:8)
  2 dart slugs
  4 leopard geckos
  49 orcs
  4 giant cockroaches
  11 goblins
  14 hobgoblins
  15 jackals
  8 kobolds
  2 quokkas
  A ball python (D:6)
  11 bats
  5 frilled lizards
  A leopard gecko skeleton (D:9)
  A quokka zombie (D:9)
  7 rats
285 creatures vanquished.

Vanquished Creatures (others)
  An ogre (D:8)
  A fungus (D:6)
2 creatures vanquished.

Grand Total: 287 creatures vanquished

Notes
Turn   | Place    | Note
-------+----------+-------------------------------------------
     0 | D:1      | kae the Troll Fighter began the quest for the Orb.
     0 | D:1      | Reached XP level 1. HP: 22/22 MP: 0/0
   171 | D:1      | Reached XP level 2. HP: 29/29 MP: 1/1
   537 | D:1      | Reached XP level 3. HP: 15/36 MP: 2/2
  1029 | D:2      | Noticed Robin
  1031 | D:2      | Reached skill level 3 in Unarmed Combat
  1116 | D:2      | Killed Robin
  1117 | D:2      | Reached XP level 4. HP: 27/44 MP: 4/4
  1344 | D:2      | Found a shimmering altar of Xom.
  1344 | D:2      | Found a blossoming altar of Fedhas.
  1705 | D:3      | Reached skill level 1 in Spellcasting
  1714 | D:3      | Reached XP level 5. HP: 53/53 MP: 5/5
  2502 | D:4      | Reached skill level 4 in Unarmed Combat
  2566 | D:4      | Noticed a phantom
  2577 | D:4      | Killed a phantom
  2578 | D:4      | Reached XP level 6. HP: 57/61 MP: 5/7
  3036 | D:4      | Reached skill level 5 in Unarmed Combat
  3036 | D:4      | Reached XP level 7. HP: 52/67 MP: 8/8
  3432 | D:5      | Entered Level 5 of the Dungeon
  3551 | D:5      | Noticed a two-headed ogre
  3560 | D:5      | Killed a two-headed ogre
  3561 | D:5      | Reached skill level 6 in Unarmed Combat
  3561 | D:5      | Reached XP level 8. HP: 69/79 MP: 10/10
  3742 | D:5      | Reached skill level 7 in Unarmed Combat
  3902 | D:6      | Found a sacrificial altar of Ru.
  3918 | D:6      | Became a worshipper of Ru the Awakened
  3938 | D:6      | Noticed Pikel
  3938 | D:6      | Noticed Menkaure
  3953 | D:6      | Paralysed by Pikel for 4 turns
  4125 | D:6      | Paralysed by Pikel for 6 turns
  4141 | D:6      | Killed Pikel
  4142 | D:6      | Reached skill level 5 in Fighting
  4142 | D:6      | Reached skill level 5 in Dodging
  4142 | D:6      | Reached XP level 9. HP: 83/88 MP: 12/12
  4255 | D:6      | Reached skill level 8 in Unarmed Combat
  4310 | D:6      | Killed Menkaure
  4433 | D:6      | Found the +7 Singing Sword {vorpal, sonic wave}
  4692 | D:6      | Found a staircase to the Ecumenical Temple.
  4858 | D:7      | Found a shadowy altar of Dithmenos.
  5021 | D:7      | Gained mutation: You cannot train Armour skill. [Ru
                  | sacrifice]
  5021 | D:7      | Reached * piety under Ru
  5408 | D:7      | Reached skill level 9 in Unarmed Combat
  5430 | D:7      | Found Hinokhix's Antique Weapon Emporium.
  5740 | D:7      | Reached XP level 10. HP: 68/98 MP: 14/14
  6389 | D:8      | Found a staircase to the Lair.
  6706 | D:8      | Found a radiant altar of Vehumet.
  6805 | D:8      | Reached skill level 10 in Unarmed Combat
  7087 | D:9      | Identified the Reference Book on Enchanting Translocation
  7370 | D:9      | Found a roughly hewn altar of Beogh.
  7409 | D:9      | HP: 4/100 [orc warrior/+0 battleaxe (24)]
  7839 | D:10     | Entered Level 10 of the Dungeon
  8062 | D:9      | HP: 5/100 [killer bee (2)]
  8063 | D:9      | Slain by a killer bee

Illustrated notes

Levels and vault maps discovered:
D:1:      minmay_arrival_jagged, layout_basic
D:2:      layout_rooms, minitemple, minmay_liquid_box, uniq_robin
D:3:      layout_basic
D:4:      layout_basic
D:5:      layout_rooms
D:6:      old_forge, layout_loops_ring, nicolae_ru_great_annihilating_truth,
          minmay_temple_entry_trees, uniq_pikel, uniq_menkaure
D:7:      layout_basic, nicolae_dithmenos_shadow_blocks, serial_shops,
          kennysheep_mini
D:8:      minmay_angry_zag, layout_basic, vehumet_altar_wand_db,
          lair_entry_dummy
D:9:      layout_roguey [special_room_orc]
D:10:     layout_cave_pools, nicolae_trove_entry_diagonal, serial_glass,
          glass_columns_b, glass_columns_c, feat_on_display,
          due_unseen_surprise, item_on_display_b, feat_on_display

Skill      XL: |  1  2  3  4  5  6  7  8  9 10 |
---------------+-------------------------------+-----
Unarmed Combat | 3 4 5 6 7 9 10 | 10.8
Spellcasting   | 1 2 3 4 |  4.6
Fighting       | 3 4 5 6 |  6.8
Dodging        | 3 4 5 6 |  6.8
Shields        | |  2.4

Action                   |  1- 3 |  4- 6 |  7- 9 | 10-12 || total
-------------------------+-------+-------+-------+-------++-------
Melee: Unarmed           |   114 |   119 |   253 |   344 ||   830
       Punch             |     1 |     2 |    11 |    11 ||    25
Invok: Sacrifice Durabil |       |       |     1 |       ||     1
       Reject Sacrifices |       |       |       |     1 ||     1
  Use: Scroll            |     5 |     8 |     6 |     2 ||    21
       Potion            |       |       |       |     5 ||     5
 Stab: Paralysed         |       |       |     1 |       ||     1
       Held in net/web   |       |       |     2 |       ||     2
Armor: Robe              |    55 |    35 |    48 |    87 ||   225
Dodge: Dodged            |    69 |    56 |   121 |   224 ||   470
Block: Kite shield       |     3 |       |       |       ||     3

Table legend: (Time is in decaauts)
 A = Elapsed time spent in this place.
 B = Non-inter-level travel time spent in this place.
 C = Inter-level travel time spent in this place.
 D = Time resting spent in this place.
 E = Time spent auto-exploring this place.
 F = Levels seen in this place.
 G = Mean time per level.
                   A        B        C        D        E       F      G
               +--------+--------+--------+--------+--------+-----+--------+
         Total |   7949 |   7714 |    235 |    411 |   5832 |  10 |  794.9 |
       Dungeon |   7949 |   7714 |    235 |    411 |   5832 |  10 |  794.9 |
               +--------+--------+--------+--------+--------+-----+--------+

Top non-repeatable levels by time:
     D:7: 1310 daAuts
     D:1: 1006 daAuts
     D:4: 1002 daAuts
     D:8: 912 daAuts
     D:3: 813 daAuts
     D:9: 763 daAuts
     D:6: 754 daAuts
     D:2: 637 daAuts
     D:5: 549 daAuts
    D:10: 198 daAuts
